 Dungeon Crawl Stone Soup version 0.27-a0-984-g00e00afbbc (webtiles) character file.

Game seed: 10973529521630029730

8948 Morbidden the Martial Artist (level 11, -6/91 HPs)
             Began as a Purple Draconian Transmuter on Apr 15, 2021.
             Was the Champion of Cheibriados.
             Succumbed to Erica's bolt of poison
             ... on level 10 of the Dungeon.
             The game lasted 00:26:10 (17760 turns).

Morbidden the Martial Artist (DrTm)                Turns: 17760, Time: 00:26:11

Health: -6/91      AC:  2    Str: 27    XL:     11   Next: 16%
Magic:  1/30       EV: 27    Int: 38    God:    Cheibriados [******]
Gold:   1391       SH:  0    Dex: 32    Spells: 8/24 levels left

rFire    . . .     SeeInvis .     - Unarmed
rCold    . . .     Faith    .   (shield currently unavailable)
rNeg     . . .     Spirit   +   (armour unavailable)
rPois    x         Reflect  .   (helmet currently unavailable)
rElec    .         Harm     .   (cloak currently unavailable)
rCorr    .         Rampage  .   (gloves currently unavailable)
Will     +....                  (boots currently unavailable)
Stlth    +++.......             k - amulet of guardian spirit
HPRegen  0.25/turn              r - +6 ring of intelligence
MPRegen  0.22/turn              f - ring of magical power

@: lethally poisoned (-6 -> -65), spider-form, very slow
A: venomous fangs, (breathe power), AC +7, tiny, unfitting armour,
(cold-blooded), (stinger 1), (shaggy fur 1)
a: End Transformation, Renounce Religion, Bend Time, Temporal Distortion,
Slouch, Step From Time


You were on level 10 of the Dungeon.
You worshipped Cheibriados.
Cheibriados was exalted by your worship.
You were a venomous arachnid creature.
You visited 2 branches of the dungeon, and saw 11 of its levels.
You also visited: Bailey.

You collected 1391 gold pieces.

Inventory:

Hand Weapons
 b - a +0 arbalest
Missiles
 g - 327 bolts
 o - 44 sling bullets
 w - 3 throwing nets
Armour
 p - a +0 pair of gloves (melded)
 B - a scarf of shadows (melded)
Jewellery
 f - a ring of magical power (right front leg)
 j - a +6 ring of intelligence
 k - an amulet of guardian spirit (around neck)
 r - a +6 ring of intelligence (left front leg)
 s - a ring of resist corrosion
 x - a ring of poison resistance
 y - a ring of willpower
Wands
 h - a wand of polymorph (8)
 n - a wand of paralysis (4)
 q - a wand of charming (4)
 u - a wand of iceblast (14)
 C - a wand of mindburst (8)
 E - a wand of digging (4)
Scrolls
 c - 2 scrolls of identify
 t - 3 scrolls of teleportation
 F - a scroll of fear
 G - 2 scrolls of enchant weapon
Potions
 a - 4 potions of flight
 d - 2 potions of invisibility
 e - 6 potions of curing
 i - a potion of ambrosia {unknown}
 l - a potion of attraction
 m - a potion of magic {unknown}
 v - 3 potions of resistance
 z - 3 potions of might
 A - a potion of lignification {unknown}


   Skills:
 * Level 6.6 Fighting
 + Level 1.4 Crossbows
 * Level 5.5 Dodging
 + Level 3.4 Stealth
 + Level 1.8 Shields
 * Level 9.7 Unarmed Combat
 * Level 7.0 Spellcasting
 * Level 2.6 Conjurations
 * Level 6.7 Transmutations
 - Level 3.0 Ice Magic
 - Level 3.0 Poison Magic
 * Level 4.9 Invocations
 + Level 0.3 Evocations


You had 8 spell levels left.
You knew the following spells:

 Your Spells              Type           Power      Damage    Failure   Level
a - Magic Dart            Conj           100%       1d8       4%          1
b - Searing Ray           Conj           66%        3d5       6%          2
c - Ice Form              Ice/Tmut       50%        N/A       12%         4
d - Hydra Form            Tmut           29%        N/A       14%         5
e - Beastly Appendage     Tmut           100%       N/A       2%          1
f - Spider Form           Tmut/Pois      25%        N/A       5%          3

Your spell library contained the following spells:

 Spells                   Type           Power      Damage    Failure   Level
 Wereblood                Tmut           59%        N/A       2%          2
 Dazzling Flash           Conj/Hex       46%        N/A       14%         3
 Petrify                  Tmut/Erth      39%        N/A       19%         4
 Confusing Touch          Hex            13%        N/A       22%         3
 Gell's Gravitas          Tloc           6%         N/A       22%         3
 Fulminant Prism          Conj/Hex       11%        3d9       34%         4
 Iskenderun's Mystic Bla  Conj/Tloc      23%        2d6       34%         4
 Yara's Violent Unravell  Hex/Tmut       19%        3d9       38%         5
 Metabolic Englaciation   Hex/Ice        12%        N/A       61%         5


Dungeon Overview and Level Annotations

Branches:
Dungeon (10/15)            Temple (1/1) D:5          Bailey (visited)
   Lair: D:8-11         Orc: D:9-12

Altars:
Ashenzari
Cheibriados
Dithmenos
Elyvilon
Fedhas
Gozag
Hepliaklqana
Kikubaaqudgha
Makhleb
Nemelex Xobeh
Okawaru
Qazlal
Ru
Sif Muna
Trog
Uskayaw
Vehumet
Wu Jian
Xom
Yredelemnul
Zin
The Shining One

Shops:
D:6 =

Annotations:
D:8 1 runed translucent door
D:10 Erica


Innate Abilities, Weirdness & Mutations

You are a venomous arachnid creature.
You have poisonous fangs.
You are tiny and dextrous.
Your spellcasting is less reliable in this form.
Your armour is entirely melded.
You are incapable of wielding weapons or throwing items.
((You can breathe bolts of dispelling energy.))
((Your rich purple scales are hard. (AC +7)))
You cannot fit into any form of body armour.
((You are cold-blooded and may be slowed by cold attacks.))
((Your tail ends in a poisonous barb.))
((You are covered in fur. (AC +1)))


Message History

There is an open door here.
There is a large open door here.
There is a stone staircase leading down here.
You climb downwards.
There is a stone staircase leading up here.
Unknown command.
You open the door.
There is an open door here.
Erica the Fiery-Tempered comes into view.
She is wielding a +1 scimitar of flaming and carrying a wand of iceblast (13).
Erica is nearby!
Casting: Hydra Form (dangerous; 4% risk of failure)
Confirm with . or Enter, or press ? or * to list all spells.
Okay, then.
Unknown command.
Casting: Hydra Form (dangerous; 4% risk of failure)
Confirm with . or Enter, or press ? or * to list all spells.
You turn into a venomous arachnid creature.
Your scarf of shadows melds into your body.
Your +0 pair of gloves melds into your body.
The dungeon's light returns to normal.
Erica gestures at you while chanting. The bolt of poison hits you!!
You are poisoned.
Erica zaps a wand.
The mass of ice explodes!
The iceblast engulfs you!
You hear two shouts!
You hear a shout!
You feel extremely sick. Erica casts a spell at you.
The bolt of poison hits you!!!
You are lethally poisoned!
* * * LOW HITPOINT WARNING * * *
A two-headed ogre opens the door.
Erica zaps a wand.
The mass of ice explodes!
The iceblast engulfs you!
* * * LOW HITPOINT WARNING * * *
Unknown command.
Unknown command.
Unknown command.
As you read the scroll of fear, it crumbles to dust.
You assume a fearsome visage.
Erica looks frightened!
The two-headed ogre looks frightened!
You die...

#. #.. .. ..# #O #.#
.# ##'## #.# ##.#
##...## #.# #.. .#
##.....###.# #.# .#
##.......##.###.###.#
#.@...s...#.........#
+.........'........#
#.........##.#...#.#
##.......###.##....#
##.....## #.#####.#
##...## #.#####.#
##+## #.......#
#######.# #.#


You could see Erica (fleeing) and a two-headed ogre (fleeing).

Vanquished Creatures
  A two-headed ogre (D:9)
  An ugly thing (D:8)
  Maggie (D:9)
  Psyche (D:8)
  3 shadows (D:8)
  2 wraiths (D:8)
  9 fire bats (D:8)
  2 steam dragons (D:9)
  Menkaure (D:7)
  16 orc warriors
  2 water moccasins (D:7)
  A black bear (D:6)
  3 ice beasts
  2 ogres (D:4)
  A necrophage (D:7)
  2 centaurs
  A wolf (D:6)
  2 phantoms
  A kobold brigand (D:7)
  3 bullfrogs
  2 scorpions
  2 gnoll sergeants
  11 killer bees
  2 centaur zombies
  A bullfrog zombie (D:5)
  6 hounds
  4 orc priests
  3 gnoll shamans
  Ijyb (D:2)
  An iguana (D:5)
  5 orc wizards
  2 killer bee zombies
  Robin (D:2)
  A howler monkey zombie (D:9)
  7 adders
  28 gnolls
  A howler monkey skeleton (D:6)
  A white imp (D:7)
  4 dart slugs
  34 orcs
  7 endoplasms
  A giant cockroach (D:2)
  11 goblins
  13 hobgoblins
  5 jackals
  4 kobolds
  A quokka (D:1)
  4 ball pythons
  74 bats
  4 frilled lizards
  3 rats
299 creatures vanquished.

Notes
Turn   | Place    | Note
-------+----------+-------------------------------------------
     0 | D:1      | Morbidden the Draconian Transmuter began the quest for the
                  | Orb.
     0 | D:1      | Reached XP level 1. HP: 16/16 MP: 3/3
   842 | D:1      | Reached XP level 2. HP: 17/23 MP: 5/5
  1614 | D:2      | Reached XP level 3. HP: 28/28 MP: 6/6
  2088 | D:2      | Noticed Robin
  2299 | D:2      | Killed Robin
  2375 | D:2      | Found a faded altar of an unknown god.
  2457 | D:2      | Reached XP level 4. HP: 31/35 MP: 7/7
  2513 | D:2      | Learned a level 3 spell: Spider Form
  2912 | D:3      | Noticed a gnoll sergeant
  3000 | D:3      | Noticed Ijyb
  3029 | D:2      | Killed Ijyb
  3741 | D:4      | Reached XP level 5. HP: 32/41 MP: 7/9
  3987 | D:4      | Noticed an ogre
  3996 | D:4      | Killed an ogre
  3997 | D:4      | Reached skill level 4 in Unarmed Combat
  4031 | D:4      | Noticed an ogre
  4040 | D:4      | Killed an ogre
  4041 | D:4      | Reached skill level 1 in Poison Magic
  4041 | D:4      | Reached XP level 6. HP: 50/50 MP: 6/10
  4114 | D:4      | Learned a level 4 spell: Ice Form
  4508 | D:5      | Entered Level 5 of the Dungeon
  5144 | D:5      | Found a stormy altar of Qazlal.
  5466 | D:5      | Found a staircase to the Ecumenical Temple.
  5485 | D:5      | Your scales start taking on a rich purple colour.
  5485 | D:5      | Reached XP level 7. HP: 53/57 MP: 9/13
  5516 | D:5      | Reached skill level 5 in Unarmed Combat
  5826 | D:5      | Found a glowing silver altar of Zin.
  5950 | Temple   | Entered the Ecumenical Temple
  6101 | Temple   | Became a worshipper of Cheibriados the Contemplative
  6466 | D:6      | Reached skill level 6 in Unarmed Combat
  6466 | D:6      | Reached XP level 8. HP: 27/66 MP: 5/14
  6488 | D:6      | Reached skill level 1 in Stealth
  6503 | D:6      | Reached * piety under Cheibriados
  7185 | D:6      | Reached skill level 1 in Ice Magic
  7191 | D:6      | Learned a level 5 spell: Hydra Form
  7503 | D:6      | Found Huamumal's Jewellery Boutique.
  7841 | D:3      | Reached skill level 5 in Spellcasting
  8909 | D:7      | Found a white marble altar of Elyvilon.
  8948 | D:7      | Reached ** piety under Cheibriados
  8949 | D:7      | Reached skill level 7 in Unarmed Combat
  8949 | D:7      | Reached skill level 1 in Invocations
  8949 | D:7      | Reached XP level 9. HP: 40/73 MP: 7/16
  9129 | D:7      | Reached skill level 5 in Fighting
  9368 | D:7      | Reached skill level 5 in Transmutations
  9682 | D:7      | Noticed Menkaure
  9690 | D:7      | Killed Menkaure
 10085 | D:7      | Learned a level 1 spell: Magic Dart
 10088 | D:7      | Learned a level 2 spell: Searing Ray
 10520 | D:8      | Found a flagged portal.
 10573 | Bailey   | Entered a bailey
 12023 | Bailey   | Reached skill level 8 in Unarmed Combat
 12399 | Bailey   | Reached *** piety under Cheibriados
 12400 | Bailey   | Reached skill level 1 in Crossbows
 13081 | Bailey   | Gained mutation: Your tail ends in a poisonous barb.
                  | [potion of mutation]
 13081 | Bailey   | Gained mutation: You are covered in fur. (AC +1) [potion of
                  | mutation]
 13085 | Bailey   | Noticed an orc knight
 13372 | Bailey   | Identified a scroll of acquirement
 13372 | Bailey   | Acquired 911 gold pieces
 13823 | D:8      | Noticed Psyche
 13834 | D:8      | Killed Psyche
 13835 | D:8      | Reached XP level 10. HP: 83/83 MP: 18/19
 14040 | D:8      | Noticed a red ugly thing
 14347 | D:8      | Killed a red ugly thing
 14985 | D:8      | Found a runed translucent door.
 15086 | D:8      | Found a basalt altar of Yredelemnul.
 15122 | D:8      | Reached **** piety under Cheibriados
 15126 | D:8      | Found a white marble altar of Elyvilon.
 15148 | D:8      | Found a hazy altar of Hepliaklqana.
 15154 | D:8      | Reached skill level 5 in Dodging
 15348 | D:8      | Found a sparkling altar of Nemelex Xobeh.
 15354 | D:8      | Reached ***** piety under Cheibriados
 15359 | D:8      | Reached skill level 1 in Conjurations
 15379 | D:8      | Found an ornate altar of the Wu Jian Council.
 15390 | D:8      | Reached skill level 1 in Shields
 15394 | D:8      | Reached skill level 9 in Unarmed Combat
 15644 | D:8      | Found a shimmering altar of Xom.
 15907 | D:8      | Noticed a flayed ghost
 15955 | D:9      | Noticed Maggie
 16038 | D:9      | Killed Maggie
 16235 | D:9      | Found an ancient bone altar of Kikubaaqudgha.
 16240 | D:9      | Reached ****** piety under Cheibriados
 16349 | D:9      | Noticed a two-headed ogre
 16356 | D:9      | Killed a two-headed ogre
 16357 | D:9      | Reached XP level 11. HP: 60/91 MP: 17/21
 17587 | D:9      | Found a hide-covered altar of Uskayaw.
 17726 | D:10     | Entered Level 10 of the Dungeon
 17754 | D:10     | Noticed Erica
 17759 | D:10     | HP: 3/91 [Erica/iceblast (10)]
 17760 | D:10     | Noticed a two-headed ogre
 17760 | D:10     | Succumbed to Erica's bolt of poison

Illustrated notes

Levels and vault maps discovered:
D:1:      elethiomel_arrival_quiet, layout_loops_cross, minmay_close_crescents
D:2:      layout_basic, hellmonk_ecumenical_altar_blasted, uniq_robin
D:3:      layout_rooms, uniq_ijyb
D:4:      layout_basic
D:5:      layout_gridville, lemuel_tele_altar, zin_scriptorium,
          minmay_temple_entry_statues_fountains, nrook_mini_vaults,
          minmay_statues_item
D:6:      layout_cave_pools, serial_gnoll_camp, gnoll_camp_mini_hut,
          gnoll_camp_mini_loothouse, gnoll_camp_mini_doghouse,
          gnoll_camp_mini_shop, gnoll_camp_mini_hut, gnoll_camp_mini_hut
D:7:      layout_loops_corners, nicolae_elyvilon_peaceful_grove, st_stairs_8,
          uniq_menkaure
D:8:      due_megacathedral, layout_loops_corners, enter_bailey_4,
          hangedman_decor_clover_reticule, chequers_jeans, uniq_psyche
D:9:      layout_irregular_city, marbit_many_paths, overflow_temple_1_default,
          uniq_maggie
D:10:     layout_loops_corners, general_overflow_altar, serial_shops,
          nicolae_shop_overgrown_old_shop, lemuel_flamethrower_2, uniq_erica,
          uniq_fannar
Temple:   regret_index_temple_sphere_string

Skill      XL: |  1  2  3  4  5  6  7  8  9 10 |
---------------+-------------------------------+-----
Dodging        | 2 3 4 5 |  5.5
Fighting       | 2 3 4 5 6 |  6.6
Unarmed Combat | 4 6 7 8 9 |  9.7
Spellcasting   | 3 4 5 6 7 |  7.0
Transmutations | 3 4 5 6 |  6.7
Poison Magic   | 1 2 3 |  3.0
Stealth        | 1 2 3 |  3.4
Ice Magic      | 1 3 |  3.0
Invocations    | 1 3 4 |  4.9
Crossbows      | 1 |  1.4
Conjurations   | 2 |  2.6
Shields        | 1 |  1.8
Evocations     | |  0.3

Action                   |  1- 3 |  4- 6 |  7- 9 | 10-12 || total
-------------------------+-------+-------+-------+-------++-------
Melee: Unarmed           |   137 |   108 |   334 |   224 ||   803
       Tailslap          |    11 |     4 |    13 |     6 ||    34
       Kick              |    13 |     2 |     9 |       ||    24
       Headbutt          |     4 |     8 |     2 |       ||    14
       Punch             |     1 |       |     2 |     3 ||     6
 Fire: Arbalest          |       |       |     5 |       ||     5
 Cast: Beastly Appendage |    18 |    12 |     5 |     1 ||    36
       Spider Form       |       |    11 |    30 |     4 ||    45
       Ice Form          |       |       |    13 |       ||    13
       Magic Dart        |       |       |    11 |    10 ||    21
       Searing Ray       |       |       |     5 |     9 ||    14
       Hydra Form        |       |       |     1 |    14 ||    15
 Abil: Breathe Dispellin |       |       |     4 |     1 ||     5
Evoke: Wand              |       |       |     7 |       ||     7
  Use: Scroll            |       |     1 |    11 |     6 ||    18
       Potion            |       |       |     3 |       ||     3
 Stab: Sleeping          |     1 |     1 |     4 |     1 ||     7
       Distracted        |     1 |       |     1 |     1 ||     3
Armor: Skin              |    72 |    13 |    44 |    93 ||   222
Dodge: Dodged            |   114 |    81 |   334 |   152 ||   681
Block: Other             |       |       |    18 |    22 ||    40
       Reflection        |       |       |     9 |       ||     9

Table legend: (Time is in decaauts)
 A = Elapsed time spent in this place.
 B = Non-inter-level travel time spent in this place.
 C = Inter-level travel time spent in this place.
 D = Time resting spent in this place.
 E = Time spent auto-exploring this place.
 F = Levels seen in this place.
 G = Mean time per level.
                   A        B        C        D        E       F      G
               +--------+--------+--------+--------+--------+-----+--------+
         Total |  20682 |  19457 |   1225 |   4345 |  12383 |  12 | 1723.5 |
       Dungeon |  17123 |  15910 |   1213 |   2541 |  11361 |  10 | 1712.3 |
        Temple |    164 |    153 |     11 |      0 |    141 |   1 |  164.0 |
        Bailey |   3394 |   3394 |      0 |   1803 |    880 |   1 | 3394.0 |
               +--------+--------+--------+--------+--------+-----+--------+

Top non-repeatable levels by time:
  Bailey: 3394 daAuts
     D:8: 3347 daAuts
     D:9: 2454 daAuts
     D:7: 2227 daAuts
     D:6: 2215 daAuts
     D:1: 2135 daAuts
     D:5: 1568 daAuts
     D:2: 1346 daAuts
     D:3: 957 daAuts
     D:4: 806 daAuts
  Temple: 164 daAuts
    D:10: 64 daAuts
